 Dungeon Crawl Stone Soup version 0.25.0-1-g7eea58d2a3 (webtiles) character file.

Game seed: 3087827158197105436

96 Donthurtboomboom the Bolt Thrower (level 4, 0/30 HPs)
             Began as a Halfling Wanderer on June 13, 2020.
             Slain by a ball python (1 damage)
             ... on level 3 of the Dungeon.
             The game lasted 00:17:31 (2235 turns).

Donthurtboomboom the Bolt Thrower (HaWn)            Turns: 2235, Time: 00:17:31

Health: 0/30       AC:  5    Str: 13    XL:     4   Next: 98%
Magic:  5/5        EV:  9    Int:  9    God:
Gold:   7          SH:  0    Dex: 15    Spells: 5/5 levels left

rFire    . . .     SeeInvis .   a - +2 hand crossbow
rCold    . . .     Gourm    .   (shield restricted)
rNeg     . . .     Faith    .   c - +0 ring mail
rPois    .         Spirit   .   (no helmet)
rElec    .         Reflect  .   (no cloak)
rCorr    .         Harm     .   (no gloves)
MR       .....                  (no boots)
Stlth    +.........             (no amulet)
HPRegen  0.10/turn              (no ring)
MPRegen  0.09/turn              (no ring)

@: lethally poisoned (0 -> -4), stab, hasted, constricted, very quick
A: small, mutation resistance 1
a: no special abilities


You were on level 3 of the Dungeon.
You were hungry.

You visited 1 branch of the dungeon, and saw 3 of its levels.

You collected 7 gold pieces.

Inventory:

Hand Weapons
 a - a +2 hand crossbow (weapon)
Missiles
 r - 13 arrows
Armour
 c - a +0 ring mail (worn)
Jewellery
 l - an uncursed amulet of magic regeneration {unknown}
 s - an uncursed amulet of guardian spirit {unknown}
Scrolls
 g - a scroll of remove curse
 h - a scroll of amnesia
Potions
 d - a potion of lignification
 m - a potion of heal wounds
 n - a potion of brilliance {unknown}
 o - 4 potions of curing {unknown}
Comestibles
 p - 3 rations


   Skills:
 + Level 2.4 Fighting
 + Level 4.1 Crossbows
 + Level 2.2 Armour
 + Level 0.4 Dodging
 + Level 1.1 Stealth
   Level 1.1 Shields
 + Level 1.0 Spellcasting
   Level 1.1 Translocations
   Level 1.0 Air Magic


You had 5 spell levels left.
You didn't know any spells.
Your spell library was empty.

Dungeon Overview and Level Annotations

Branches:
Dungeon (3/15)

Altars:


Innate Abilities, Weirdness & Mutations

You are small and have problems with some larger weapons.
You are somewhat resistant to further mutation.


Message History

The ball python closely misses you. x2; The adder barely misses you.
You clumsily bash the bat but do no damage.
You are feeling hungry.
The bat completely misses you. The adder bites you.
* * * LOW HITPOINT WARNING * * *
The ball python closely misses you. The ball python grabs you.
The ball python constricts you. The adder closely misses you.
The adder bites you.
* * * LOW HITPOINT WARNING * * *
Unknown command.
Firing (i - inventory) No suitable missiles.
Press: ? - help, Shift-Dir - straight line, f/p - adder
Aim: an adder (lightly wounded, inner flame)
Okay, then.
You escape the ball python's grasp.
* * * LOW HITPOINT WARNING * * *
You feel sick. The bat hits you but does no damage. The bat barely misses you.
The adder barely misses you. The ball python barely misses you.
The ball python grabs you.
You die...

.#.... .... #. ##
####..# ... ...##.....#
.S######
.........###..# .....
#.........# ......
##.<....#####......
..........K.S(S........
....(...(...S@b........
....$......######..%...
...........# ..!...
.......##..# .....
....... ...# .....
......w###.. .... #.
#### #.


You could see 2 adders, a bat (inner flame), a ball python (inner flame) and a
kobold (inner flame).

Vanquished Creatures
  A bullfrog skeleton (D:3)
  3 adders (D:2)
  A worm (D:2)
  2 dart slugs
  3 leopard geckos
  A giant cockroach (D:3)
  3 goblins
  4 hobgoblins
  4 jackals (D:2)
  A bat (D:3)
  A frilled lizard (D:1)
  5 kobolds
  3 rats
32 creatures vanquished.

Notes
Turn   | Place    | Note
-------+----------+-------------------------------------------
     0 | D:1      | Donthurtboomboom the Halfling Wanderer began the quest for
                  | the Orb.
     0 | D:1      | Donthurtboomboom set off with the following items: a +2
                  | hand crossbow, 28 bolts, a +0 ring mail, a potion of
                  | lignification, a ration
     0 | D:1      | Reached XP level 1. HP: 14/14 MP: 2/2
   795 | D:1      | Reached XP level 2. HP: 19/19 MP: 3/3
  1197 | D:2      | Reached XP level 3. HP: 18/24 MP: 4/4
  1217 | D:2      | Reached skill level 3 in Crossbows
  1678 | D:2      | Reached XP level 4. HP: 27/30 MP: 5/5
  2209 | D:3      | Reached skill level 4 in Crossbows
  2235 | D:3      | HP: 1/30 [poisoned by an adder]
  2235 | D:3      | Slain by a ball python

Illustrated notes

Levels and vault maps discovered:
D:1:      sevenhm_arrival_forest_fort_small_3, layout_loops_ring
D:2:      layout_basic, first_ration
D:3:      layout_rooms, portal_sewer_entry_e, chequers_ecumenical_altar_grove,
          hangedman_decor_clover_reticule, uniq_crazy_yiuf_cottage

Skill      XL: |  1  2  3  4 |
---------------+-------------+-----
Fighting       | 2 |  2.4
Crossbows      | 3 4 |  4.1
Armour         | 2 |  2.2
Dodging        | |  0.4
Stealth        | |  1.1
Shields        | |  1.1
Spellcasting   | |  1.0
Translocations | |  1.1
Air Magic      | |  1.0

Action                   |  1- 3 |  4- 6 || total
-------------------------+-------+-------++-------
Melee: Hand crossbow     |       |    10 ||    10
 Fire: Hand crossbow     |    49 |    23 ||    72
Throw: Stone             |       |     4 ||     4
  Use: Scroll            |       |     4 ||     4
       Potion            |       |     3 ||     3
  Eat: Ration            |     1 |       ||     1
Armor: Ring mail         |    14 |    51 ||    65
Dodge: Dodged            |    32 |    99 ||   131
